 Dungeon Crawl Stone Soup version 0.26.1-11-gd32895ea62 (webtiles) character file.

Game seed: 15315576005137849655

167 seveneves the Skirmisher (level 5, -1/42 HPs)
             Began as a Human Berserker on July 16, 2021.
             Was a Believer of Trog.
             Slain by an orc wizard
             ... wielding a +2 dagger of protection
              (2 damage)
             ... on level 6 of the Dungeon.
             The game lasted 00:11:49 (1731 turns).

seveneves the Skirmisher (Human Berserker)          Turns: 1731, Time: 00:11:51

Health: -1/42      AC: 11    Str: 19    XL:     5   Next: 76%
Magic:  5/5        EV:  6    Int:  7    God:    Trog [**....]
Gold:   83         SH:  0    Dex: 12    Spells: 4/4 levels left

rFire    . . .     SeeInvis .   a - +0 falchion
rCold    . . .     Faith    .   (no shield)
rNeg     . . .     Spirit   .   m - +0 plate armour
rPois    .         Reflect  .   (no helmet)
rElec    .         Harm     .   (no cloak)
rCorr    .         Rampage  .   (no gloves)
Will     .....                  (no boots)
Stlth    ..........             (no amulet)
HPRegen  0.14/turn              r - ring of stealth
MPRegen  0.09/turn              (no ring)

@: berserk cooldown, slowed, very slow
A: no striking features
a: Renounce Religion, Berserk, Trog's Hand


You were on level 6 of the Dungeon.
You worshipped Trog.
Trog was pleased with you.
You visited 1 branch of the dungeon, and saw 4 of its levels.

You collected 83 gold pieces.

Inventory:

Hand Weapons
 a - a +0 falchion (weapon)
 h - a +0 halberd
 l - a +0 short sword
Missiles
 e - 10 poisoned darts
Armour
 b - a +0 animal skin
 c - a +0 leather armour of willpower
 f - a +0 chain mail
 m - a +0 plate armour (worn)
Jewellery
 r - a ring of stealth (left hand)
Scrolls
 d - a scroll of identify
 i - 2 scrolls of teleportation
 k - 5 scrolls of remove curse
 p - a scroll of noise {unknown}
 q - a scroll of immolation
Potions
 g - a potion of heal wounds
 j - a potion of attraction {unknown}
 n - a potion of degeneration {unknown}
 o - a potion of haste {unknown}


   Skills:
 + Level 3.9 Fighting
 + Level 1.5(2.9) Short Blades
 + Level 3.9(4.1) Long Blades
 + Level 3.3 Armour
 + Level 2.3 Dodging


You had 4 spell levels left.
You didn't know any spells.
Your spell library was empty.

Dungeon Overview and Level Annotations

Branches:
Dungeon (3/15)

Altars:


Message History

The orc wizard is heavily wounded.
The orc warrior hits you but does no damage.
The orc wizard hits you but does no damage.
The orc warrior hits you but does no damage.
You closely miss the orc wizard.
The orc wizard is heavily wounded.
The orc wizard hits you but does no damage.
The orc warrior barely misses you.
You riposte.
You closely miss the orc warrior.
The orc warrior is moderately wounded.
The orc wizard points at you and mumbles some strange words.
The magic dart hits you but does no damage.
You closely miss the orc wizard.
The orc wizard is heavily wounded.
The orc warrior barely misses you.
The orc wizard hits you but does no damage.
The orc warrior hits you with a +0 short sword!
* * * LOW HITPOINT WARNING * * *
The orc wizard hits you with a +2 dagger of protection.
You die...

..................
!..................
...(................
......<.........$(..
#...................
#...................
#...................
#.............(.....
...........@o.......
#...........o.......
#...........).......
#...................
#...................
#...................
#...................
................
...............


You could see an orc warrior and an orc wizard.

Vanquished Creatures
  A howler monkey (D:6)
  An orc priest (D:6)
  A gnoll (D:1)
  4 adders
  An ooze (D:2)
  2 worms (D:2)
  A leopard gecko (D:1)
  2 giant cockroaches
  7 goblins
  7 hobgoblins
  8 jackals
  A quokka (D:2)
  A ball python (D:1)
  2 bats (D:1)
  2 kobolds (D:1)
  3 rats (D:3)
44 creatures vanquished.

Notes
Turn   | Place    | Note
-------+----------+-------------------------------------------
     0 | D:1      | seveneves the Human Berserker began the quest for the Orb.
     0 | D:1      | Reached XP level 1. HP: 18/18 MP: 1/1
    80 | D:1      | Reached XP level 2. HP: 10/24 MP: 2/2
   138 | D:1      | Reached XP level 3. HP: 11/29 MP: 3/3
   554 | D:2      | Reached ** piety under Trog
   808 | D:2      | Reached XP level 4. HP: 36/37 MP: 4/4
  1425 | D:3      | Reached XP level 5. HP: 25/42 MP: 5/5
  1706 | D:3      | You fall into a shaft and drop 3 floors!
  1708 | D:6      | Noticed an orc warrior
  1714 | D:6      | Reached skill level 1 in Short Blades
  1731 | D:6      | HP: 1/42 [orc warrior/+0 short sword (8)]
  1731 | D:6      | Slain by an orc wizard

Illustrated notes

Levels and vault maps discovered:
D:1:      ebering_trefoil_3fold, layout_rooms
D:2:      layout_loops_ring, kennysheep_cross_bottleneck
D:3:      layout_basic
D:6:      layout_basic

Skill      XL: |  1  2  3  4  5 |
---------------+----------------+-----
Armour         | 3 |  3.3
Short Blades   | 1 |  1.5
Fighting       | |  3.9
Long Blades    | |  3.9
Dodging        | |  2.3

Action                   |  1- 3 |  4- 6 || total
-------------------------+-------+-------++-------
Melee: Falchion          |    56 |    54 ||   110
       Short sword       |    59 |    53 ||   112
Invok: Berserk           |       |     1 ||     1
  Use: Scroll            |     5 |     1 ||     6
       Potion            |     2 |     1 ||     3
Armor: Animal skin       |     5 |       ||     5
       Chain mail        |    33 |       ||    33
       Plate armour      |    56 |    91 ||   147
Dodge: Dodged            |    61 |    35 ||    96
       Rpst.: Falchion   |    16 |     8 ||    24
